| TOP OF THE 1ST |
|
Mahoning Valley Scrappers batting - Pitching for Hudson Valley Renegades : LHP John Sceviour
|
|
Pitching: LHP John Sceviour
|
|
|
Batting: RHB Chris Folse
|
0-0: Called Strike 0-1: Foul Ball, location: 2F 0-2: Strikes out swinging
|
|
Batting: LHB Matt Steinke
|
0-0: Ball 1-0: Foul Ball, location: 2F 1-1: Foul Ball, location: 2F 1-2: Foul Ball, location: 2F 1-2: Ball 2-2: Fly out, F8 (Flyball, 8RM, EV 76.2 MPH)
|
|
Batting: RHB Harris Leroux
|
0-0: Foul Ball, location: 2F 0-1: Ball 1-1: Called Strike 1-2: Ball 2-2: Ball 3-2: Foul Ball, location: 2F 3-2: Base on Balls
|
|
Batting: RHB Leo Candelas
|
0-0: Called Strike 0-1: Ball 1-1: Foul Ball, location: 2F 1-2: SINGLE (Groundball, 6S, EV 75.6 MPH) (infield hit) Harris Leroux to second
|
|
Batting: LHB Dave Key
|
0-0: Foul Ball, location: 2F 0-1: Swinging Strike 0-2: Ball 1-2: Ball 2-2: Strikes out swinging
|
| Top of the 1st over - 0 runs, 1 hit, 0 errors, 2 left on base; Mahoning Valley 0 - Hudson Valley 0 |
| BOTTOM OF THE 1ST |
|
Hudson Valley Renegades batting - Pitching for Mahoning Valley Scrappers : RHP Jon Samer
|
|
Pitching: RHP Jon Samer
|
|
|
Batting: RHB Kunizo Yanagisawa
|
0-0: Foul Ball, location: 2F 0-1: Ball 1-1: Swinging Strike 1-2: Strikes out swinging, 2-3 out at first.
|
|
Batting: SHB Joshua Jackson
|
0-0: Called Strike 0-1: Fly out, F7 (Flyball, 7LS, EV 93.8 MPH)
|
|
Batting: RHB Joe Hartigan
|
0-0: Ball 1-0: Ball 2-0: DOUBLE (Line Drive, 8RXD, EV 101.9 MPH)
|
|
Batting: LHB Jonathan Spino
|
0-0: Ball 1-0: Called Strike 1-1: Ball 2-1: Ball 3-1: Base on Balls
|
|
Batting: RHB Alex Koral
|
0-0: Swinging Strike 0-1: Foul Ball, location: 2F 0-2: Ball 1-2: Ball 2-2: Ground out 6-3 (Groundball, 6D, EV 108.1 MPH)
|
| Bottom of the 1st over - 0 runs, 1 hit, 0 errors, 2 left on base; Mahoning Valley 0 - Hudson Valley 0 |
| TOP OF THE 2ND |
|
Mahoning Valley Scrappers batting - Pitching for Hudson Valley Renegades : LHP John Sceviour
|
|
Batting: RHB Andy Lewis
|
0-0: Ball 1-0: Ball 2-0: Ground out 1-3 (Groundball, 13, EV 70.0 MPH)
|
|
Batting: RHB Jason Harris
|
0-0: Called Strike 0-1: Foul Ball, location: 2F 0-2: Ball 1-2: Strikes out swinging
|
|
Batting: RHB Jose Argueta
|
0-0: Called Strike 0-1: Swinging Strike 0-2: Foul Ball, location: 2F 0-2: Foul Ball, location: 2F 0-2: Foul Ball, location: 2F 0-2: Foul Ball, location: 2F 0-2: Foul Ball, location: 2F 0-2: Foul Ball, location: 2F 0-2: Ground out 4-3 (Groundball, 4, EV 83.8 MPH)
|
| Top of the 2nd over - 0 runs, 0 hits, 0 errors, 0 left on base; Mahoning Valley 0 - Hudson Valley 0 |
| BOTTOM OF THE 2ND |
|
Hudson Valley Renegades batting - Pitching for Mahoning Valley Scrappers : RHP Jon Samer
|
|
Batting: RHB Wan-ling Zhu
|
0-0: Ball 1-0: Swinging Strike 1-1: Ball 2-1: Ball 3-1: Called Strike 3-2: Ground out 5-3 (Groundball, 56, EV 106.9 MPH)
|
|
Batting: RHB Mikey Sano
|
0-0: Called Strike 0-1: Ball 1-1: Swinging Strike 1-2: Strikes out swinging
|
|
Batting: LHB Sean Boenig
|
0-0: Called Strike 0-1: Ball 1-1: Ball 2-1: Foul Ball, location: 2F 2-2: Strikes out swinging
|
| Bottom of the 2nd over - 0 runs, 0 hits, 0 errors, 0 left on base; Mahoning Valley 0 - Hudson Valley 0 |
| TOP OF THE 3RD |
|
Mahoning Valley Scrappers batting - Pitching for Hudson Valley Renegades : LHP John Sceviour
|
|
Batting: RHB Jonathan Livingston
|
0-0: Called Strike 0-1: Ball 1-1: Ball 2-1: Swinging Strike 2-2: Ball 3-2: Base on Balls
|
|
Batting: RHB Chris Folse
|
0-0: Ball 1-0: Foul Ball, location: 2F 1-1: Called Strike 1-2: Strikes out swinging
|
|
Batting: LHB Matt Steinke
|
0-0: Fly out, F7 (Flyball, 7D, EV 97.5 MPH)
|
|
Batting: RHB Harris Leroux
|
0-0: Ball Jonathan Livingston steals 2nd base 1-0: SINGLE (Line Drive, 6M, EV 98.8 MPH) Jonathan Livingston to third Runner from 3rd tries for Home, SAFE, throw by CF to home
|
|
Batting: RHB Leo Candelas
|
0-0: Called Strike 0-1: Ball 1-1: Foul Ball, location: 2F 1-2: Ball 2-2: Fly out, F9 (Flyball, 9, EV 86.2 MPH)
|
| Top of the 3rd over - 1 run, 1 hit, 0 errors, 1 left on base; Mahoning Valley 1 - Hudson Valley 0 |
| BOTTOM OF THE 3RD |
|
Hudson Valley Renegades batting - Pitching for Mahoning Valley Scrappers : RHP Jon Samer
|
|
Batting: RHB Eric Waugaman
|
0-0: Ball 1-0: Ball 2-0: SINGLE (Line Drive, 34D, EV 99.4 MPH)
|
|
Batting: RHB Kunizo Yanagisawa
|
0-0: Ball 1-0: Swinging Strike 1-1: Foul Ball, location: 2F 1-2: Ball 2-2: Fielders Choice at 2nd, 2-6 (Groundball, 13S, EV 67.5 MPH)
|
|
Batting: SHB Joshua Jackson
|
0-0: Called Strike 0-1: Ball 1-1: Called Strike Kunizo Yanagisawa is caught stealing 2nd base 2-6 1-2: Strikes out swinging
|
| Bottom of the 3rd over - 0 runs, 1 hit, 0 errors, 0 left on base; Mahoning Valley 1 - Hudson Valley 0 |
| TOP OF THE 4TH |
|
Mahoning Valley Scrappers batting - Pitching for Hudson Valley Renegades : LHP John Sceviour
|
|
Batting: LHB Dave Key
|
0-0: Ball 1-0: Swinging Strike 1-1: Ball 2-1: Ball 3-1: Base on Balls
|
|
Batting: RHB Andy Lewis
|
0-0: Ball 1-0: Foul Ball, location: 2F 1-1: Ball Wild Pitch! Dave Key to second 2-1: Foul Ball, location: 2F 2-2: Foul Ball, location: 2F 2-2: Ball 3-2: Foul Ball, location: 2F 3-2: Foul Ball, location: 2F 3-2: Base on Balls
|
|
Batting: RHB Jason Harris
|
0-0: Reached on error, E4 (Groundball, 4, EV 85.0 MPH) Dave Key to third Andy Lewis to second
|
|
Batting: RHB Jose Argueta
|
0-0: Swinging Strike 0-1: Swinging Strike 0-2: Ball 1-2: Foul Ball, location: 2F 1-2: Ball 2-2: Foul Ball, location: 2F 2-2: Foul Ball, location: 2F 2-2: Strikes out swinging
|
|
Batting: RHB Jonathan Livingston
|
0-0: Ball Wild Pitch! Dave Key scores Andy Lewis to third Jason Harris to second 1-0: Foul Ball, location: 2F 1-1: Ball 2-1: Ball 3-1: Base on Balls
|
|
Pitching: LHP Min Xue
|
|
|
Batting: RHB Chris Folse
|
0-0: Foul Ball, location: 2F 0-1: Ball 1-1: Ball 2-1: Ball 3-1: Base on Balls Andy Lewis scores Jason Harris to third Jonathan Livingston to second
|
|
Batting: LHB Matt Steinke
|
0-0: Ball 1-0: Ball 2-0: Ball 3-0: Base on Balls Jason Harris scores Jonathan Livingston to third Chris Folse to second
|
|
Batting: RHB Harris Leroux
|
0-0: Fielders Choice at 2nd, 6-4 (Groundball, 56, EV 104.4 MPH) Jonathan Livingston scores Chris Folse to third
|
|
Batting: RHB Leo Candelas
|
0-0: Fly out, F8 (Line Drive, 8RM, EV 93.1 MPH)
|
| Top of the 4th over - 4 runs, 0 hits, 1 error, 2 left on base; Mahoning Valley 5 - Hudson Valley 0 |
| BOTTOM OF THE 4TH |
|
Hudson Valley Renegades batting - Pitching for Mahoning Valley Scrappers : RHP Jon Samer
|
|
Batting: RHB Joe Hartigan
|
0-0: Swinging Strike 0-1: Called Strike 0-2: Foul Ball, location: 2F 0-2: Foul Ball, location: 2F 0-2: Ball 1-2: Fly out, F4 (Popup, 23, EV 89.4 MPH)
|
|
Batting: LHB Jonathan Spino
|
0-0: Ball 1-0: Called Strike 1-1: Foul Ball, location: 2F 1-2: Ground out 4-3 (Groundball, 4, EV 80.0 MPH)
|
|
Batting: RHB Alex Koral
|
0-0: Ball 1-0: Called Strike 1-1: Called Strike 1-2: Ground out U3 (Groundball, 3, EV 80.0 MPH)
|
| Bottom of the 4th over - 0 runs, 0 hits, 0 errors, 0 left on base; Mahoning Valley 5 - Hudson Valley 0 |
| TOP OF THE 5TH |
|
Mahoning Valley Scrappers batting - Pitching for Hudson Valley Renegades : LHP Min Xue
|
|
Batting: LHB Dave Key
|
0-0: Called Strike 0-1: Swinging Strike 0-2: Ball 1-2: Ball 2-2: Strikes out swinging
|
|
Batting: RHB Andy Lewis
|
0-0: Ball 1-0: Called Strike 1-1: Ball 2-1: Ground out 4-3 (Groundball, 4, EV 96.9 MPH)
|
|
Batting: RHB Jason Harris
|
0-0: Ground out U3 (Groundball, 3, EV 88.8 MPH)
|
| Top of the 5th over - 0 runs, 0 hits, 0 errors, 0 left on base; Mahoning Valley 5 - Hudson Valley 0 |
| BOTTOM OF THE 5TH |
|
Hudson Valley Renegades batting - Pitching for Mahoning Valley Scrappers : RHP Jon Samer
|
|
Batting: RHB Wan-ling Zhu
|
0-0: Called Strike 0-1: Ground out 1-3 (Groundball, P, EV 70.6 MPH)
|
|
Batting: RHB Mikey Sano
|
0-0: Called Strike 0-1: Swinging Strike 0-2: Ball 1-2: Fly out, F5 (Line Drive, 5L, EV 65.0 MPH)
|
|
Batting: LHB Sean Boenig
|
0-0: Called Strike 0-1: Foul Ball, location: 2F 0-2: Ball 1-2: Strikes out swinging
|
| Bottom of the 5th over - 0 runs, 0 hits, 0 errors, 0 left on base; Mahoning Valley 5 - Hudson Valley 0 |
| TOP OF THE 6TH |
|
Mahoning Valley Scrappers batting - Pitching for Hudson Valley Renegades : LHP Min Xue
|
|
Batting: RHB Jose Argueta
|
0-0: Called Strike 0-1: Fly out, F9 (Flyball, 9, EV 83.1 MPH)
|
|
Batting: RHB Jonathan Livingston
|
0-0: Ball 1-0: Ball 2-0: Ball 3-0: Base on Balls
|
|
Batting: RHB Chris Folse
|
0-0: Called Strike 0-1: Foul Ball, location: 2F 0-2: Strikes out looking
|
|
Batting: LHB Matt Steinke
|
0-0: Foul Ball, location: 2F 0-1: Fly out, F7 (Flyball, 78D, EV 78.8 MPH)
|
| Top of the 6th over - 0 runs, 0 hits, 0 errors, 1 left on base; Mahoning Valley 5 - Hudson Valley 0 |
| BOTTOM OF THE 6TH |
|
Hudson Valley Renegades batting - Pitching for Mahoning Valley Scrappers : RHP Jon Samer
|
|
Batting: RHB Eric Waugaman
|
0-0: Fly out, F9 (Flyball, 9D, EV 97.5 MPH)
|
|
Batting: RHB Kunizo Yanagisawa
|
0-0: Ball 1-0: Swinging Strike 1-1: Foul Ball, location: 2F 1-2: Ground out 1-3 (Groundball, 13S, EV 66.2 MPH)
|
|
Batting: SHB Joshua Jackson
|
0-0: Called Strike 0-1: Ball 1-1: Swinging Strike 1-2: Strikes out swinging
|
| Bottom of the 6th over - 0 runs, 0 hits, 0 errors, 0 left on base; Mahoning Valley 5 - Hudson Valley 0 |
| TOP OF THE 7TH |
|
Mahoning Valley Scrappers batting - Pitching for Hudson Valley Renegades : LHP Min Xue
|
|
Batting: RHB Harris Leroux
|
0-0: SINGLE (Line Drive, 7S, EV 86.2 MPH)
|
|
Pitching: LHP Kazuyoshi Miyazaki
|
|
|
Batting: RHB Leo Candelas
|
0-0: Ball 1-0: Called Strike 1-1: Ball 2-1: Ball 3-1: Base on Balls Harris Leroux to second
|
|
Batting: LHB Dave Key
|
0-0: Fielders Choice at 2nd, 6-4 (Groundball, 6, EV 105.0 MPH) Harris Leroux to third
|
|
Batting: RHB Andy Lewis
|
0-0: Ball 1-0: Ball 2-0: Swinging Strike 2-1: Swinging Strike 2-2: Ball 3-2: Foul Ball, location: 2F 3-2: Fielders Choice at 2nd, 1-4 (Groundball, P, EV 75.6 MPH)
|
|
Batting: RHB Jason Harris
|
0-0: Swinging Strike 0-1: Ball 1-1: Swinging Strike 1-2: Foul Ball, location: 2F 1-2: Foul Ball, location: 2F 1-2: Strikes out swinging
|
| Top of the 7th over - 0 runs, 1 hit, 0 errors, 2 left on base; Mahoning Valley 5 - Hudson Valley 0 |
| BOTTOM OF THE 7TH |
|
Hudson Valley Renegades batting - Pitching for Mahoning Valley Scrappers : RHP Jon Samer
|
|
Now in LF: Travis Burnett
|
|
|
Now in RF: Chris Folse
|
|
|
Batting: RHB Joe Hartigan
|
0-0: Ball 1-0: Called Strike 1-1: Fly out, F5 (Popup, 5SF, EV 76.2 MPH)
|
|
Batting: LHB Jonathan Spino
|
0-0: Ball 1-0: Swinging Strike 1-1: Ball 2-1: Ball 3-1: Foul Ball, location: 2F 3-2: Base on Balls
|
|
Batting: RHB Alex Koral
|
0-0: Ball Jonathan Spino steals 2nd base (no throw) 1-0: Ball Passed Ball! Jonathan Spino to third 2-0: Called Strike 2-1: Ground out 3-1 (Groundball, 34S, EV 85.6 MPH) Jonathan Spino scores
|
|
Batting: RHB Wan-ling Zhu
|
0-0: Foul Ball, location: 2F 0-1: Ball 1-1: Ball 2-1: Foul Ball, location: 2F 2-2: Ground out 6-3 (Groundball, 6, EV 103.8 MPH)
|
| Bottom of the 7th over - 1 run, 0 hits, 0 errors, 0 left on base; Mahoning Valley 5 - Hudson Valley 1 |
| TOP OF THE 8TH |
|
Mahoning Valley Scrappers batting - Pitching for Hudson Valley Renegades : LHP Kazuyoshi Miyazaki
|
|
Batting: RHB Jose Argueta
|
0-0: SINGLE (Groundball, 6MD, EV 96.9 MPH)
|
|
Batting: RHB Jonathan Livingston
|
0-0: Ground out 5-3 (Groundball, 56S, EV 73.1 MPH) Jose Argueta to second
|
|
Batting: RHB Chris Folse
|
0-0: Foul Ball, location: 2F 0-1: Foul Ball, location: 2F 0-2: Strikes out looking
|
|
Batting: LHB Matt Steinke
|
0-0: Ground out 6-3 (Groundball, 6M, EV 105.6 MPH)
|
| Top of the 8th over - 0 runs, 1 hit, 0 errors, 1 left on base; Mahoning Valley 5 - Hudson Valley 1 |
| BOTTOM OF THE 8TH |
|
Hudson Valley Renegades batting - Pitching for Mahoning Valley Scrappers : RHP Jon Samer
|
|
Batting: RHB Mikey Sano
|
0-0: Ground out 4-3 (Groundball, 4, EV 87.5 MPH)
|
|
Batting: LHB Sean Boenig
|
0-0: Ball 1-0: Swinging Strike 1-1: Ground out U3 (Groundball, 3L, EV 98.8 MPH)
|
|
Batting: RHB Eric Waugaman
|
0-0: Called Strike 0-1: Swinging Strike 0-2: Foul Ball, location: 2F 0-2: Ball 1-2: Foul Ball, location: 2F 1-2: Ball 2-2: Ball 3-2: Foul Ball, location: 2F 3-2: Strikes out swinging
|
| Bottom of the 8th over - 0 runs, 0 hits, 0 errors, 0 left on base; Mahoning Valley 5 - Hudson Valley 1 |
| TOP OF THE 9TH |
|
Mahoning Valley Scrappers batting - Pitching for Hudson Valley Renegades : LHP Kazuyoshi Miyazaki
|
|
Batting: SHB Travis Burnett
|
0-0: Called Strike 0-1: TRIPLE (Groundball, 5L, EV 100.6 MPH)
|
|
Batting: RHB Leo Candelas
|
0-0: Foul Ball, location: 2F 0-1: Ball 1-1: Ball 2-1: Ball 3-1: DOUBLE (Line Drive, 89XD, EV 104.4 MPH) Travis Burnett scores
|
|
Batting: LHB Dave Key
|
0-0: Called Strike Leo Candelas steals 3rd base 0-1: Ball 1-1: Ball 2-1: SINGLE (Groundball, 4M, EV 91.9 MPH) (infield hit) Leo Candelas scores
|
|
Batting: RHB Andy Lewis
|
0-0: Called Strike 0-1: Grounds into double play, 6-4-3 (Groundball, 6, EV 103.1 MPH)
|
|
Batting: RHB Jason Harris
|
0-0: Fly out, F8 (Flyball, 8RXD, EV 95.6 MPH)
|
| Top of the 9th over - 2 runs, 3 hits, 0 errors, 0 left on base; Mahoning Valley 7 - Hudson Valley 1 |
| BOTTOM OF THE 9TH |
|
Hudson Valley Renegades batting - Pitching for Mahoning Valley Scrappers : RHP Jon Samer
|
|
Pitching: LHP Oscar Moreno
|
|
|
Batting: RHB Kunizo Yanagisawa
|
0-0: Ball 1-0: Ball 2-0: Called Strike 2-1: Ball 3-1: Foul Ball, location: 2F 3-2: Foul Ball, location: 2F 3-2: Base on Balls
|
|
Batting: SHB Joshua Jackson
|
0-0: Ball 1-0: Hit by Pitch Kunizo Yanagisawa to second
|
|
Batting: RHB Joe Hartigan
|
0-0: Foul Ball, location: 2F 0-1: Ball 1-1: Ball 2-1: Called Strike 2-2: Hit by Pitch Kunizo Yanagisawa to third Joshua Jackson to second
|
|
Pinch Hitting: RHB Jon Gonzales
|
0-0: Called Strike 0-1: Ball 1-1: Ball 2-1: TRIPLE (Line Drive, 8RXD, EV 96.9 MPH) Kunizo Yanagisawa scores Joshua Jackson scores Joe Hartigan scores
|
|
Pitching: LHP Micah Watson
|
|
|
Batting: RHB Alex Koral
|
0-0: Ball 1-0: Ball 2-0: Ball 3-0: Called Strike 3-1: Called Strike 3-2: Strikes out looking
|
|
Batting: RHB Wan-ling Zhu
|
0-0: Ball 1-0: Fly out, F9 (Flyball, 9, EV 89.4 MPH)
|
|
Batting: RHB Mikey Sano
|
0-0: Called Strike 0-1: Foul Ball, location: 2F 0-2: Strikes out swinging, 2-3 out at first.
|
| Bottom of the 9th over - 3 runs, 1 hit, 0 errors, 1 left on base; Mahoning Valley 7 - Hudson Valley 4 |
|